 Dungeon Crawl Stone Soup version 0.30.1-9-gdf580d7c3d (webtiles) character file.

Game seed: 14623297536786484207

23 booth the Chopper (level 2, -4/22 HPs)
             Began as a Demonspawn Gladiator on Oct 2, 2023.
             Slain by Terence
             ... wielding a +0 morningstar
              (13 damage)
             ... on level 2 of the Dungeon.
             The game lasted 00:04:14 (848 turns).

booth the Chopper (Demonspawn Gladiator)             Turns: 848, Time: 00:04:15

Health: -4/22      AC:  4    Str: 14    XL:     2   Next: 75%
Magic:  2/2        EV: 12    Int: 11    God:
Gold:   62         SH:  0    Dex: 14    Spells: 1/1 levels left

rFire   . . .        a - +0 war axe
rCold   . . .        (no shield)
rNeg    . . .        b - +0 leather armour
rPois   .            c - +0 helmet
rElec   .            (no cloak)
rCorr   .            (no gloves)
SInv    .            (no boots)
Will    .....        (no amulet)
Stlth   +            (no ring)
HPRegen 0.23/turn    (no ring)
MPRegen 0.08/turn

%: no passive effects
@: no status effects
A: big brain 1
a: no special abilities


You were on level 2 of the Dungeon.
You visited 1 branch of the dungeon, and saw 2 of its levels.

You collected 62 gold pieces.

Inventory:

Hand Weapons
 a - a +0 war axe (weapon)
Missiles
 d - 2 throwing nets (quivered)
Armour
 b - a +0 leather armour (worn)
 c - a +0 helmet (worn)
Scrolls
 g - a scroll of fog {unknown}
 h - a scroll of enchant weapon {unknown}
Potions
 f - 2 potions of curing
 j - a potion of attraction {unknown}


   Skills:
 + Level 2.3 Fighting
 * Level 3.1 Axes
 + Level 2.1 Throwing
 + Level 2.9 Dodging


You had one spell level left.
You didn't know any spells.
Your spell library contained the following spells:

 Spells                   Type           Power      Damage    Failure   Level
 Momentum Strike          Conj/Tloc      0%         3d8       56%         2
 Frozen Ramparts          Ice            0%         1d1       80%         3
 Teleport Other           Tloc           0%         N/A       80%         3
 Ice Form                 Ice/Tmut       0%         N/A       99%         4
 Passage of Golubria      Tloc           0%         N/A       99%         4
 Summon Ice Beast         Ice/Summ       0%         N/A       99%         4
 Disjunction              Tloc           0%         N/A       100%        8


Dungeon Overview and Level Annotations

Branches:
Dungeon (2/15)

Altars:

Shops:
D:2 *

Annotations:
D:2 Terence


Innate Abilities, Weirdness & Mutations

You have an unusually large brain. (Int +2)


Message History

Ouch! That really hurt!
* * * LOW HITPOINT WARNING * * *
Terence barely misses you.
You slash Terence!
Terence is heavily wounded.
Terence completely misses you.
You closely miss Terence.
Terence is heavily wounded.
Terence misses you.
You closely miss Terence.
Terence is heavily wounded.
Terence barely misses you. Terence misses you.
Throw: 3 throwing nets
Press: ? - help, Q - select action, (/) - cycle Shift-Dir - straight line, f - Terence
Aim: Terence, wielding a +0 morningstar and wearing a +0 scale mail (heavily wounded, 64% to hit)
You throw a throwing net. The throwing net hits Terence.
Terence is caught in the net!
Terence is heavily wounded.
Terence struggles against the net.
Terence struggles against the net.
Terence struggles against the net.
Terence struggles against the net.
Throw: javelin
Press: ? - help, Q - select action, (/) - cycle Shift-Dir - straight line, f/p - Terence
Aim: Terence, wielding a +0 morningstar and wearing a +0 scale mail (heavily wounded, entangled in a net, 93% to hit)
You throw a javelin.
The javelin hits Terence and shatters for extra damage.
Terence is severely wounded.
Terence struggles against the net. x2
Throw: 2 throwing nets
Press: ? - help, Q - select action Shift-Dir - straight line, f/p - Terence
Aim: Terence, wielding a +0 morningstar and wearing a +0 scale mail (severely wounded, entangled in a net, 93% to hit)
Okay, then.
Terence struggles against the net.
The net rips apart, and Terence comes free!
You closely miss Terence.
Terence is severely wounded.
Terence hits you with a +0 morningstar!
Ouch! That really hurt!
You die...

#. ####.##.#.. #...
#.# ...
#...######.##!...
.###.........#.#....
..............#....#
..................#
............∩.#...#
##...#####)##...#
#.....@@..# ....
#...####### ### #...
#... #... .... ..#.#
...#.


You could see Terence.

Vanquished Creatures
  A dart slug (D:1)
  A bat (D:1)
  5 endoplasms
  2 hobgoblins (D:1)
  3 quokkas (D:1)
  2 ball pythons (D:1)
  4 kobolds
  A rat (D:1)
19 creatures vanquished.

Notes
Turn   | Place    | Note
-------+----------+-------------------------------------------
     0 | D:1      | booth the Demonspawn Gladiator began the quest for the Orb.
     0 | D:1      | Reached XP level 1. HP: 16/16 MP: 1/1
     8 | D:1      | Got the Cyclopedia of the Tesseract
   249 | D:1      | Gained mutation: You have an unusually large brain. (Int
                  | +2) [demonic ancestry]
   249 | D:1      | Reached XP level 2. HP: 22/22 MP: 2/2
   335 | D:1      | Reached skill level 3 in Axes
   806 | D:2      | Found Necvah's Assorted Antiques.
   831 | D:2      | Noticed Terence
   848 | D:2      | Slain by Terence

Illustrated notes

Levels and vault maps discovered:
D:1:      nzn_arrival_depleted_hourglass, layout_loops_ring
D:2:      layout_loops_cross, serial_shops, shop, uniq_terence, uniq_sigmund

Skill      XL: |  1  2 |
---------------+-------+-----
Axes           | 3 |  3.1
Throwing       | 2 |  2.1
Fighting       | |  2.3
Dodging        | |  2.9

Action                     || total
---------------------------++-------
  Melee: War axe           ||    57
  Throw: Javelin           ||     1
         Throwing net      ||     1
    Use: Scroll            ||     2
   Stab: Sleeping          ||     2
 Armour: Leather armour    ||    12
  Dodge: Dodged            ||    34
